 Dungeon Crawl Stone Soup version 0.30.1-6-gbe392663c4 (webtiles) character file.

Game seed: 2832345024255957839

924099 Amplified the Lord of Darkness (level 27, -31/243 (249) HPs)
             Began as a Demonspawn Hexslinger on Sept 19, 2023.
             Was the Champion of Kikubaaqudgha.
             Annihilated by an Orb Guardian (52 damage)
             ... on level 4 of the Realm of Zot on Sept 20, 2023.
             The game lasted 03:15:49 (82206 turns).

Amplified the Lord of Darkness (DsHs)              Turns: 82206, Time: 03:15:49

HP:   -31/243 (249) AC: 36    Str: 19      XL:     27
MP:   50/50         EV: 18    Int: 24      God:    Kikubaaqudgha [******]
Gold: 7912          SH: 18    Dex: 21 (22) Spells: 38/72 levels left

rFire   + + +        C - +9 broad axe (pain)
rCold   + + .        e - +3 buckler {rC+}
rNeg    + . .        a - +7 gold dragon scales
rPois   +            W - +2 helmet of the Camelopard {-Tele Contam Int+3 Dex+5}
rElec   +            K - +0 cloak of Baleful Freedom {Harm Slay+3}
rCorr   .            R - +3 pair of gauntlets of War {Slay+5}
SInv    .            (boots unavailable)
Will    +....        L - amulet of reflection Stlth
                     l - ring of Discretion {rPois rN+ EV+5 Str-2 Dex+2}
HPRegen 0.60/turn    k - ring "Senualeh" {rElec rF+++ Will- Str-2 Int+6}
MPRegen 0.32/turn

%: no teleportation, harm (+30% outgoing, +20% incoming), repel missiles,
reflection
@: marked, studying Long Blades, lightly drained
A: hooves 3, repulsion field 3, icemail 2, powered by death 3, condensation
shield, corrupting presence 2, word of chaos, large bone plates 1, clumsy 1,
deformed body, deterioration 1, strong 1
}: 10/15 runes: serpentine, barnacled, slimy, silver, golden, abyssal, demonic,
glowing, magical, dark
a: Word of Chaos, Renounce Religion, Unearth Wretches, Torment


You were on level 4 of the Realm of Zot.
You worshipped Kikubaaqudgha.
Kikubaaqudgha was exalted by your worship.
You visited 12 branches of the dungeon, and saw 58 of its levels.
You visited Pandemonium 2 times, and saw 15 of its levels.
You visited the Abyss 2 times.
You visited 1 ziggurat, and saw 9 of its levels.
You also visited: Sewer and Gauntlet.

You collected 14300 gold pieces.
You spent 6388 gold pieces at shops.

Inventory:

Hand Weapons
 j - a +9 spectral broad axe
 C - a +9 broad axe of pain (weapon)
Missiles
 F - 30 curare-tipped darts
 X - 4 throwing nets (quivered)
Armour
 a - +7 gold dragon scales (worn)
 e - a +3 buckler of cold resistance (worn)
 s - the +4 ice dragon scales of Catatonia {rF- rC++ SInv}
   (You bought it in a shop on level 2 of the Orcish Mines)

   rF:        It makes you vulnerable to fire.
   rC:        It greatly protects you from cold.
   SInv:      It lets you see invisible.
 E - the +1 plate armour of the Harp {rF+ rN+ Str+5}
   (You acquired it in Pandemonium)

   Str:       It affects your strength (+5).
   rF:        It protects you from fire.
   rN:        It protects you from negative energy.
 K - the +0 cloak of Baleful Freedom (worn) {Harm Slay+3}
   (You found it on level 3 of the Elven Halls)

   Slay:      It affects your accuracy & damage with ranged weapons and melee
   (+3).
   Harm:      It increases damage dealt and taken.
 N - a +2 hat of willpower
 R - the +3 pair of gauntlets of War (worn) {Slay+5}
   (You acquired it on level 4 of the Vaults)

   Slay:      It affects your accuracy & damage with ranged weapons and melee
   (+5).
 W - the +2 helmet of the Camelopard (worn) {-Tele Contam Int+3 Dex+5}
   (You found it on level 3 of the Realm of Zot)

   Int:       It affects your intelligence (+3).
   Dex:       It affects your dexterity (+5).
   -Tele:     It prevents most forms of teleportation.
   Contam:    It causes magical contamination when unequipped.
 Y - the +8 plate armour of the Guild-Master {rPois Regen+ rCorr Stlth-}
   (You found it on level 1 of the Shoals)

   rPois:     It protects you from poison.
   Regen:     It increases your rate of health regeneration.
   rCorr:     It protects you from acid and corrosion.
   Stlth:     It makes you less stealthy.
Jewellery
 b - the ring "Axtoecah" {Will+ rCorr Str+6 Dex-2 Stlth-}
   (You took it off a tengu warrior on level 11 of the Dungeon)

   [ring of willpower]

   Str:       It affects your strength (+6).
   Dex:       It affects your dexterity (-2).
   rCorr:     It protects you from acid and corrosion.
   Will:      It increases your willpower.
   Stlth:     It makes you less stealthy.
 d - the amulet "Peklezy" {Acrobat rPois rCorr Dex+5}
   (You found it on level 1 of a ziggurat)

   [amulet of the acrobat]

   It increases your evasion while moving and waiting.
   Dex:       It affects your dexterity (+5).
   rPois:     It protects you from poison.
   rCorr:     It protects you from acid and corrosion.
 g - a ring of protection from fire
 h - a +6 ring of intelligence
 k - the ring "Senualeh" (right hand) {rElec rF+++ Will- Str-2 Int+6}
   (You found it in Pandemonium)

   [ring of intelligence]

   Str:       It affects your strength (-2).
   Int:       It affects your intelligence (+6).
   rF:        It renders you almost immune to fire.
   rElec:     It insulates you from electricity.
   Will:      It decreases your willpower.
 l - the ring of Discretion (left hand) {rPois rN+ EV+5 Str-2 Dex+2}
   (You took it off a deep elf sorcerer on level 3 of the Elven Halls)

   [ring of evasion]

   EV:        It affects your evasion (+5).
   Str:       It affects your strength (-2).
   Dex:       It affects your dexterity (+2).
   rPois:     It protects you from poison.
   rN:        It protects you from negative energy.
 q - the ring "Pacvuaga" {rN+ rCorr}
   (You bought it in a shop on level 13 of the Dungeon)

   [ring of resist corrosion]

   rN:        It protects you from negative energy.
   rCorr:     It protects you from acid and corrosion.
 z - the ring of Faeggiss {rPois rC+ Will+ Stlth+}
   (You took it off a draconian annihilator on level 3 of the Realm of Zot)

   [ring of willpower]

   rC:        It protects you from cold.
   rPois:     It protects you from poison.
   Will:      It increases your willpower.
   Stlth:     It makes you more stealthy.
 L - an amulet of reflection (around neck)
 O - the ring of the Dolphin {rElec rPois rN+ AC+4 Int+3}
   (You acquired it on level 3 of the Lair of Beasts)

   [ring of protection]

   AC:        It affects your AC (+4).
   Int:       It affects your intelligence (+3).
   rElec:     It insulates you from electricity.
   rPois:     It protects you from poison.
   rN:        It protects you from negative energy.
 T - the ring "Diaran" {rElec rPois rC+++ rCorr Stlth-}
   (You took it off a fire giant on level 5 of the Vaults)

   [ring of poison resistance]

   rC:        It renders you almost immune to cold.
   rElec:     It insulates you from electricity.
   rPois:     It protects you from poison.
   rCorr:     It protects you from acid and corrosion.
   Stlth:     It makes you less stealthy.
Wands
 r - a wand of iceblast (95)
 u - a wand of light (49)
 A - a wand of digging (12)
 P - a wand of paralysis (71)
 Z - a wand of mindburst (68)
Scrolls
 m - 4 scrolls of silence
 n - 3 scrolls of magic mapping
 o - 14 scrolls of teleportation
 p - 16 scrolls of fog
 x - 12 scrolls of fear
 y - 5 scrolls of amnesia
 D - 3 scrolls of poison
 G - a scroll of brand weapon
 I - 11 scrolls of torment
 Q - 4 scrolls of blinking
 U - a scroll of summoning
Potions
 c - 2 potions of resistance
 f - 7 potions of magic
 i - 2 potions of invisibility
 t - 11 potions of lignification
 v - 29 potions of curing
 w - 16 potions of attraction
 B - 10 potions of brilliance
 H - 4 potions of heal wounds
 M - 7 potions of cancellation
 S - 6 potions of ambrosia
 V - 7 potions of flight
Miscellaneous
 J - a phantom mirror


   Skills:
 O Level 27 Fighting
 - Level 17.3(18.1) Axes
 - Level 9.3(14.4) Maces & Flails
 - Level 1.7 Ranged Weapons
 * Level 22.5 Armour
 - Level 7.8 Dodging
 - Level 5.1 Shields
 * Level 23.2 Spellcasting
 - Level 3.0 Hexes
 O Level 27 Necromancy
 - Level 8.7 Translocations
 - Level 7.1 Ice Magic
 - Level 5.7 Evocations


You had 38 spell levels left.
You knew the following spells:

 Your Spells              Type           Power      Damage    Failure   Level
a - Animate Dead          Necr           100%       N/A       0%          4
b - Lesser Beckoning      Tloc           100%       N/A       1%          2
c - Wereblood             Tmut           27%        N/A       50%         2
d - Cigotuvi's Dreadful   Necr/Pois/Air  100%       N/A       1%          2
e - Dispel Undead         Necr           100%       3d31      0%          4
f - Agony                 Necr           100%       N/A       0%          5
g - Passwall              Tmut/Erth      22%        N/A       50%         2
h - Mephitic Cloud        Conj/Pois/Air  27%        N/A       75%         3
i - Manifold Assault      Tloc           62%        N/A       11%         4
j - Frozen Ramparts       Ice            100%       1d16      6%          3
k - Gell's Gravitas       Tloc           62%        N/A       3%          3

Your spell library contained the following spells:

 Spells                   Type           Power      Damage    Failure   Level
 Necrotise                Necr           100%       1d9       0%          1
 Sublimation of Blood     Necr           100%       N/A       0%          2
 Vampiric Draining        Necr           100%       2d13      0%          3
 Freeze                   Ice            100%       1d10      1%          1
 Kiss of Death            Conj/Necr      100%       2d13      1%          1
 Anguish                  Hex/Necr       39%        N/A       1%          4
 Death Channel            Necr           51%        N/A       1%          6
 Teleport Other           Tloc           62%        N/A       3%          3
 Borgnjor's Revivificati  Necr           51%        N/A       3%          8
 Infestation              Necr           51%        N/A       3%          8
 Borgnjor's Vile Clutch   Necr/Erth      37%        N/A       4%          5
 Simulacrum               Ice/Necr       41%        N/A       5%          6
 Ozocubu's Armour         Ice            58%        N/A       6%          3
 Ensorcelled Hibernation  Hex/Ice        100%       N/A       7%          2
 Slow                     Hex            100%       N/A       11%         1
 Portal Projectile        Hex/Tloc       100%       N/A       11%         3
 Passage of Golubria      Tloc           62%        N/A       11%         4
 Vhi's Electric Charge    Tloc/Air       96%        N/A       19%         3
 Hailstorm                Conj/Ice       45%        3d10      26%         3
 Tukima's Dance           Hex            42%        N/A       32%         3
 Beastly Appendage        Tmut           54%        N/A       36%         1
 Foxfire                  Conj/Fire      100%       2x1d9     36%         1
 Magic Dart               Conj           100%       1d8       36%         1
 Sandblast                Erth           54%        2d13      36%         1
 Shock                    Conj/Air       100%       1d9       36%         1
 Sting                    Tmut/Pois      100%       1d8       36%         1
 Poisonous Vapours        Pois/Air       54%        N/A       50%         2
 Searing Ray              Conj           54%        2d6       50%         2
 Static Discharge         Conj/Air       54%        2-5/arc   50%         2
 Dazzling Flash           Conj/Hex       70%        N/A       52%         3
 Inner Flame              Hex/Fire       35%        N/A       52%         3
 Death's Door             Necr           51%        N/A       52%         9
 Iskenderun's Mystic Bla  Conj/Tloc      48%        2d11      54%         4
 Ice Form                 Ice/Tmut       45%        N/A       65%         4
 Summon Ice Beast         Ice/Summ       45%        N/A       65%         4
 Cause Fear               Hex            21%        N/A       73%         4
 Call Canine Familiar     Summ           27%        N/A       75%         3
 Ignite Poison            Fire/Tmut/Pois 27%        N/A       75%         3
 Spider Form              Tmut/Pois      27%        N/A       75%         3
 Stone Arrow              Conj/Erth      54%        3d10      75%         3
 Swiftness                Air            27%        N/A       75%         3
 Haunt                    Necr/Summ      37%        N/A       77%         7
 Metabolic Englaciation   Hex/Ice        25%        N/A       78%         5
 Dispersal                Tloc           31%        N/A       85%         6
 Summon Forest            Summ/Tloc      24%        N/A       87%         5
 Fulminant Prism          Conj/Hex       17%        3d10      90%         4
 Leda's Liquefaction      Hex/Erth       17%        N/A       90%         4
 Airstrike                Air            13%        2d(2-18)  98%         4
 Animate Armour           Summ/Erth      54%        N/A       98%         4
 Flame Wave               Conj/Fire      27%        2d9       98%         4
 Olgreb's Toxic Radiance  Pois           27%        N/A       98%         4
 Petrify                  Tmut/Erth      27%        N/A       98%         4
 Sticky Flame             Conj/Fire      27%        2d5       98%         4
 Summon Lightning Spire   Summ/Air       27%        N/A       98%         4
 Freezing Cloud           Conj/Ice/Air   19%        6-21      98%         5
 Silence                  Hex/Air        17%        N/A       99%         5
 Summon Mana Viper        Hex/Summ       35%        N/A       99%         5
 Yara's Violent Unravell  Hex/Tmut       17%        3d8       99%         5
 Arcjolt                  Conj/Air       13%        1d23      100%        5
 Blade Hands              Tmut           13%        N/A       100%        5
 Fireball                 Conj/Fire      13%        3d7       100%        5
 Irradiate                Conj/Tmut      13%        3d16      100%        5
 Iskenderun's Battlesphe  Conj           27%        2d8       100%        5
 Lee's Rapid Deconstruct  Erth           13%        3d9*      100%        5
 Conjure Ball Lightning   Conj/Air       13%        3x3d6     100%        6
 Eringya's Noxious Bog    Tmut/Pois      13%        N/A       100%        6
 Iron Shot                Conj/Erth      13%        9d3       100%        6
 Plasma Beam              Fire/Air       13%        2x1d27    100%        6
 Starburst                Conj/Fire      13%        6d6       100%        6
 Statue Form              Tmut/Erth      18%        N/A       100%        6
 Summon Cactus Giant      Summ           13%        N/A       100%        6
 Dragon Form              Tmut           13%        N/A       100%        7
 Enfeeble                 Hex            21%        N/A       100%        7
 Ozocubu's Refrigeration  Ice            29%        4d13      100%        7
 Spellforged Servitor     Conj/Summ      13%        N/A       100%        7
 Summon Hydra             Summ           13%        N/A       100%        7
 Discord                  Hex            21%        N/A       100%        8
 Disjunction              Tloc           31%        N/A       100%        8
 Ignition                 Fire           13%        3d6       100%        8
 Lehudib's Crystal Spear  Conj/Erth      13%        10d5      100%        8
 Necromutation            Tmut/Necr      37%        N/A       100%        8
 Polar Vortex             Ice            29%        N/A       100%        9


Dungeon Overview and Level Annotations

Branches:
Dungeon (15/15)            Temple (0/1) D:6            Lair (5/5) D:10
 Shoals (4/4) Lair:3        Snake (4/4) Lair:2        Slime (5/5) Lair:4
    Orc (2/2) D:11            Elf (3/3) Orc:2        Vaults (5/5) D:13
  Crypt (3/3) Vaults:2       Tomb (3/3) Crypt:3      Depths (4/4) D:15
    Zot (5/5) Depths:4      Sewer (visited)         Gauntlet (visited)

Altars:
Ashenzari
Dithmenos
Hepliaklqana
Kikubaaqudgha
Nemelex Xobeh
Okawaru
Sif Muna
Trog
Uskayaw
Vehumet
Wu Jian
Xom
Yredelemnul
Jiyva

Shops:
D:6 *   D:7 *   D:10 ?   D:13 =   D:15 *   Orc:2 [:*(   Elf:2 *   Elf:3 ?(
Shoals:2 :   Snake:2 **(   Snake:3 (   Vaults:1 [   Vaults:3 *   Depths:1 (
Depths:4 :

Portals:
Hell: Depths:1 Depths:2 Depths:3 Depths:4
Abyss: Depths:1 Depths:3
Pandemonium: Depths:2 Depths:4

Annotations:
Elf:2 Buggy sprite. White stairs instead of Brown
Elf:3 Buy scrolls, 6 transporters
Vaults:3 Checkpoint


Innate Abilities, Weirdness & Mutations

You have hooves in place of feet.
You are surrounded by a strong repulsion field. (EV +4, RMsl)
A meltable icy envelope protects you from harm. (AC +0)
You regenerate a lot of health from kills.
A meltable shield of frost defends you. (SH +0)
Your presence sometimes corrodes or deforms those you injure.
You can speak a Word of Chaos.
You are partially covered in large bone plates. (SH +4)
You are clumsy. (Dex -2)
Armour fits poorly on your strangely shaped body.
Your body sometimes deteriorates upon taking damage.
Your muscles are strong. (Str +4, Int/Dex -1)


Message History

Okay, then.
Okay, then.
You feel much better. You block the Orb Guardian's attack.
The Orb Guardian barely misses you.
An Orb Guardian comes into view.
Unknown command.
Unknown command.
Unknown command.
The orb of fire glows bright magenta.
The fireball explodes!
The fireball engulfs you! You resist.
* * * LOW HITPOINT WARNING * * *
Unknown command.
Unknown command.
Okay, then.
Unknown command.
The orb of fire glows deep purple.
The bolt of fire hits you. You resist.
* * * LOW HITPOINT WARNING * * *
Unknown command.
The orb of fire glows deep purple.
Strange energies course through your body.
You feel clumsy.
There is a stone staircase leading up here.
Unknown command.
You block the Orb Guardian's attack.
The orb of fire glows red.
The bolt of fire misses you. The Orb Guardian hits you!!
* * * LOW HITPOINT WARNING * * *
You climb upwards.
There is a stone staircase leading down here.
Unknown command.
Unknown command.
Unknown command.
Okay, then.
Okay, then.
You feel much better. The Orb Guardian hits you!!!
* * * LOW HITPOINT WARNING * * *
The Orb Guardian hits you!!!
You die...
Kikubaaqudgha rasps: "You have failed me!
Welcome... death!"

.[.§§§≈≈.§.....≈§≈≈≈≈#...## #.
.#§§§≈...........§≈≈≈##...# #.
##§§≈##########..§.≈≈§.#.[######.
##§§.#........##....≈≈##.........
##≈≈.#.#####...##...≈≈##.........
#≈§).###...##...##...≈§#..######.
.≈≈.['......#...>#...§≈#..# #.
..).)'....())....X##.≈≈#..# #.
#≈≈..'......#...@##..§≈#..######.
#≈≈..###...##...##..§≈≈#.........
##≈≈.#.#####...##...§≈##..<......
##≈≈§#........##....≈≈##..######.
##≈≈§##########....≈≈§##..# #.
###≈≈≈.§§.....§§§§≈§≈###..# #.
)##≈≈≈≈≈§......§§≈§≈≈##...# #.
.)##§§≈≈§≈§§.§§§§≈≈ ##...## #.
..[##≈≈≈≈§§§≈≈≈≈≈≈≈##...## #.


You could see an Orb Guardian (berserk).

Vanquished Creatures
  the Royal Jelly (Slime:5)
  Gloorx Vloq (Pan)
  Lom Lobon (Pan)
  6 pandemonium lords
  Mnoleg (Pan)
  3 dread liches
  4 ancient liches
  Mennas (Crypt:2)
  Mara (Vaults:2)
  An orb of fire (Zot:4)
  A juggernaut (Depths:2)
  2 royal mummies (Tomb:1)
  The ghost of Hynnuzim the Warrior, a veteran CeHu of the Shining One (Crypt:2)
  Vv (Depths:3)
  Bai Suzhen (Depths:1)
  5 Killer Klowns
  A shard shrike (Zot:3)
  Vashnia (Snake:4)
  5 curse toes
  15 golden dragons
  A profane servitor (Zig:4)
  4 bone dragons
  2 Tzitzimimeh (Pan)
  3 Brimstone Fiends (Pan)
  A shard shrike zombie (Crypt:1)
  2 electric golems (Zot:1)
  A hellephant (Zot:3)
  A Hell Sentinel (Pan)
  18 tentacled monstrosities
  7 quicksilver dragons
  11 liches
  2 deep elf master archers (Elf:3)
  8 titans
  Asterion (Vaults:3)
  7 Orb Guardians (Zot:5)
  18 acid blobs
  2 deep elf blademasters (Elf:3)
  5 death cobs
  A walking frostbound tome (Depths:1)
  Polyphemus (Shoals:3)
  10 ancient champions
  2 tentacled starspawn (Abyss:2)
  12 sphinxes
  20 Executioners (Pan)
  13 storm dragons
  Gastronok (Lair:3)
  9 tengu reavers
  The ghost of Hoiphav the Devastator, an adept DgCj (Shoals:1)
  Kirke (Shoals:4)
  15 azure jellies
  An eldritch tentacle (Pan)
  The ghost of Persimmon the Earth Mage, an adept DECj of Vehumet (Elf:3)
  12 shadow dragons
  4 draconian monks
  14 rockslimes
  11 fire giants
  A fenstrider witch (shapeshifter) (Zig:9)
  5 revenants
  4 draconian knights
  5 deep elf sorcerers
  5 demonspawn warmongers
  7 nagarajas
  4 deep elf elementalists
  3 iron dragons
  2 ghost moths (Zot:3)
  14 frost giants
  Louise (D:14)
  Aizul (Crypt:1)
  3 caustic shrike zombies
  21 balrugs
  3 curse skulls
  24 ironbound preservers
  3 draconian shifters
  10 draconian scorchers
  16 vault wardens
  2 spriggan defenders
  The ghost of Uummannaq the Severer, a journeyman MiFi of Gozag (D:14)
  A demonspawn corrupter (Pan)
  4 demonspawn blood saints (Pan)
  17 cacodemons
  3 juggernaut zombies
  3 ghouls
  5 reapers
  6 draconian stormcallers
  6 quicksilver oozes
  2 orc warlords
  4 war gargoyles
  2 juggernaut skeletons
  11 draconian annihilators
  41 very ugly things
  13 vampire knights
  6 ironbound thunderhulks
  8 green draconians
  15 stone giants
  Nessos (D:15)
  13 deep elf annihilators
  An eleionoma (shapeshifter) (Zig:9)
  10 deep elf demonologists
  A minotaur (Gauntlet)
  Azrael (D:14)
  11 black draconians
  9 yellow draconians
  10 lorocyprocas
  14 dire elephants
  11 spark wasps
  4 eidola
  10 purple draconians
  14 white draconians
  2 demonspawn black suns (Pan)
  3 crystal guardians
  33 red draconians
  16 green deaths
  8 blizzard demons
  11 deep elf death magi
  9 ettins
  10 fire dragons
  An elf zombie (Crypt:2)
  2 entropy weavers (Vaults:2)
  12 merfolk impalers
  6 mummy priests
  8 yaktaur captains
  10 jiangshi
  7 deep elf high priests
  5 merfolk javelineers (Shoals:4)
  9 great orbs of eyes
  3 spriggan zombies
  3 rakshasas
  7 ice dragons
  An ogre mage (Vaults:3)
  A peacekeeper (Vaults:4)
  A great orb of eyes (shapeshifter) (Abyss:3)
  38 vault guards
  3 salamander tyrants
  6 spriggan air magi
  19 centaur warriors
  A radroach (shapeshifter) (Abyss:3)
  A quicksilver dragon skeleton (Crypt:2)
  3 spriggan skeletons
  9 boulder beetles
  15 anacondas
  6 merfolk aquamancers
  5 alligator snapping turtles
  A death knight (Crypt:2)
  6 hydras
  8 ironbound frosthearts
  3 merfolk avatars
  26 dancing weapons
  2 death yaks (Shoals:3)
  4 catoblepae
  5 deep troll shamans
  8 two-headed ogres
  24 death scarabs
  10 deep troll earth magi
  4 hell hogs (Depths:3)
  9 spriggan berserkers
  4 satyrs
  22 tengu warriors
  2 vampire magi (Crypt:2)
  The ghost of ripuliukko the Thaumaturge, a journeyman DEEE of Vehumet (D:10)
  10 naga warriors
  4 orc high priests (Orc:2)
  7 shock serpents
  A titan zombie (Depths:3)
  15 soul eaters
  6 thrashing horrors
  3 titan skeletons (Crypt:2)
  13 naga sharpshooters
  8 hell knights
  7 spriggans
  An emperor scorpion zombie (Crypt:3)
  2 storm dragon zombies
  58 sun demons
  The ghost of laros the Cleaver, a novice MiBe of Trog (D:7)
  5 wretched stars (Abyss:2)
  23 deep elf knights
  2 salamander mystics (Snake:4)
  Lodul (D:13)
  24 skeletal warriors
  6 skysharks
  2 quicksilver dragon simulacra (Depths:3)
  15 shadow wraiths
  2 death drakes (Abyss:2)
  26 sixfirhies (Pan)
  17 iron trolls
  A glowing orange brain (shapeshifter) (Depths:2)
  9 sea snakes
  16 flayed ghosts
  3 glowing orange brains
  A bunyip zombie (Crypt:1)
  A spriggan druid (Zig:5)
  4 swamp dragons
  A bog body (Zig:5)
  9 shadow demons (Pan)
  An orb spider (shapeshifter) (Vaults:5)
  58 deep trolls
  6 naga ritualists
  3 anaconda zombies
  4 wizards
  16 deep elf archers
  Pikel (D:5)
  11 lindwurms
  18 ironbound convokers
  A shadow dragon zombie (Depths:1)
  7 orc knights
  24 harpies
  A harpy (shapeshifter) (D:10)
  A sphinx zombie (Crypt:2)
  9 phantasmal warriors
  3 anaconda skeletons
  29 deep elf pyromancers
  50 deep elf zephyrmancers
  13 necromancers
  9 orc sorcerers
  11 mana vipers
  46 large abominations
  2 stone giant zombies
  A fire giant zombie (Depths:2)
  A jorogumo zombie (Crypt:3)
  9 cyclopes
  10 fauns
  2 sphinx skeletons
  A frost giant zombie (Depths:1)
  41 ugly things
  A shining eye (Slime:5)
  An oklob plant (Lair:4)
  14 manticores
  9 salamanders
  11 elephants
  A moth of wrath (shapeshifter) (Depths:2)
  2 shadow dragon skeletons
  2 centaur zombies
  2 worldbinders
  37 moths of wrath
  5 merfolk sirens
  An ice statue (Depths:3)
  10 water nymphs
  3 rust devils
  2 naga zombies
  18 naga magi
  2 molten gargoyles (Lair:5)
  A gargoyle (D:13)
  9 demonic crawlers (Pan)
  A water nymph (shapeshifter) (Vaults:5)
  3 apocalypse crabs
  44 black mambas
  13 vault sentinels
  3 guardian serpents (shapeshifter) (Abyss:3)
  A stone giant skeleton (Crypt:2)
  16 guardian serpents
  An eleionoma skeleton (Crypt:2)
  33 smoke demons
  8 cane toads
  3 eyes of devastation
  21 orange demons
  2 centaur skeletons
  3 hellions
  3 rime drakes
  8 unseen horrors (Abyss:3)
  Psyche (D:12)
  28 yaktaurs
  A komodo dragon (shapeshifter) (Depths:1)
  8 efreet
  2 dire elephant skeletons
  7 tengu conjurers
  12 tormentors
  A catoblepas zombie (Crypt:1)
  9 komodo dragons
  3 freezing wraiths
  4 ice devils (Depths:3)
  An ancient zyme (Abyss:2)
  A kobold demonologist (D:11)
  22 guardian mummies
  A troll (shapeshifter) (Depths:2)
  A merfolk (shapeshifter) (Zig:9)
  15 starcursed masses (Abyss:2)
  3 harpy zombies
  3 red devils
  28 hellwings
  3 meliai (D:14)
  An unseen horror skeleton (Crypt:2)
  7 trolls
  33 merfolk
  A queen bee (D:14)
  2 shadow dragon simulacra
  A polar bear (Lair:2)
  A tarantella (Vaults:2)
  15 wind drakes
  A fire dragon zombie (Crypt:2)
  A tarantella zombie (Crypt:1)
  Grinder (D:4)
  4 raiju (Abyss:2)
  4 harpy skeletons
  A dream sheep (shapeshifter) (Vaults:5)
  13 blink frogs
  A blink frog (shapeshifter) (D:13)
  9 snapping turtles
  19 hornets
  An ice dragon zombie (Crypt:2)
  A boulder beetle zombie (Crypt:2)
  7 dream sheep (Lair:4)
  An ettin zombie (Crypt:2)
  2 fire dragon skeletons (Crypt:2)
  14 flying skulls
  A stone giant simulacrum (Depths:1)
  71 slime creatures
  3 shadows (Gauntlet)
  10 air elementals
  A centaur simulacrum (D:14)
  2 vampires (D:10)
  16 ynoxinuls
  Sigmund (D:3)
  A black mamba zombie (Crypt:2)
  22 water elementals
  5 wyverns
  10 wraiths
  20 fire elementals
  3 fire bats (Abyss:2)
  43 yaks
  8 ushabtiu
  9 basilisks
  5 golden eyes (Pan)
  4 steam dragons
  3 hogs (Shoals:4)
  15 chaos spawn
  17 neqoxecs
  5 redbacks
  9 vampire mosquitoes
  Edmund (D:6)
  9 wargs
  A redback simulacrum (D:10)
  40 nagas
  A glowing shapeshifter zombie (D:15)
  5 acid dragons
  A deep troll zombie (Crypt:1)
  11 hell hounds
  2 hydra simulacra (Zot:3)
  10 water moccasins
  A glowing shapeshifter skeleton (Depths:2)
  4 naga skeletons
  A swamp dragon zombie (Crypt:2)
  Pargi (Sewer)
  A sky beast (D:7)
  2 floating eyes
  38 orc warriors
  2 black bears
  An ice beast (D:6)
  12 ogres
  2 ettin simulacra (Depths:3)
  10 wolves
  A snapping turtle skeleton (Crypt:2)
  3 boggarts (Gauntlet)
  A lindwurm skeleton (Crypt:3)
  4 small abominations
  7 centaurs
  A lemure (D:5)
  A phantom (D:5)
  2 human skeletons (Vaults:2)
  A kobold brigand (D:8)
  4 gnoll sergeants
  12 bullfrogs
  4 earth elementals
  A scorpion (D:6)
  A water moccasin zombie (Crypt:1)
  5 wights (D:8)
  8 killer bees
  A raiju skeleton (Crypt:1)
  A shapeshifter zombie (Crypt:1)
  A shapeshifter skeleton (Crypt:3)
  4 howler monkeys
  9 lava snakes
  5 hounds
  2 human simulacra (Vaults:2)
  A quasit (Pan)
  An iron imp (Abyss:2)
  17 orc priests
  A bullfrog skeleton (Crypt:2)
  8 jellies
  7 iguanas
  A boggart zombie (Crypt:1)
  11 orc wizards
  4 hell rats (Lair:4)
  An ogre zombie (Crypt:3)
  A sky beast zombie (Crypt:3)
  35 mummies
  7 adders
  12 gnolls
  A shadow imp (Abyss:2)
  A swamp drake skeleton (Crypt:3)
  4 white imps
  An ufetubus (D:5)
  A jelly zombie (Crypt:3)
  A worm (D:4)
  2 dart slugs
  67 orcs
  11 endoplasms
  5 giant cockroaches
  8 goblins
  10 hobgoblins
  2 jackals (D:4)
  4 quokkas
  7 ball pythons
  7 bats
  3 frilled lizards
  14 kobolds
  6 rats
  A river rat skeleton (Crypt:3)
  4 ball lightnings (Pan)
  2 fire vortices (Pan)
  2 lurking horrors
  A spectral weapon (Vaults:3)
  5 starspawn tentacles (Abyss:2)
3159 creatures vanquished.

Vanquished Creatures (collateral kills)
  An ogre (Orc:1)
  An orc wizard (Orc:1)
2 creatures vanquished.

Vanquished Creatures (others)
  2 dread liches
  A golden dragon (Depths:1)
  A fire giant (Vaults:5)
  A green death (Pan)
  A tengu warrior (Depths:3)
  A spriggan berserker (Depths:3)
  2 deep elf knights
  A sun demon (Pan)
  A shadow wraith (D:10)
  2 deep elf pyromancers (Elf:2)
  3 wizards (Pan)
  A smoke demon (Pan)
  3 hellwings (Pan)
  A slime creature (D:13)
  2 ynoxinuls (Pan)
  A yak (D:9)
  A chaos spawn (Pan)
  2 neqoxecs (Pan)
  2 golden eyes
  A water moccasin (Lair:1)
  2 ball lightnings (Pan)
  A fire vortex (Pan)
  A lurking horror (Abyss:3)
  20 spectral weapons
  3 starspawn tentacles (Abyss:2)
57 creatures vanquished.

Grand Total: 3218 creatures vanquished

Notes
Turn   | Place    | Note
-------+----------+-------------------------------------------
     0 | D:1      | Amplified the Demonspawn Hexslinger began the quest for the
                  | Orb.
     0 | D:1      | Reached XP level 1. HP: 15/15 MP: 2/2
   400 | D:1      | Gained mutation: You are surrounded by a mild repulsion
                  | field. (EV +2) [demonic ancestry]
   400 | D:1      | Reached XP level 2. HP: 21/21 MP: 3/3
   648 | D:1      | Reached skill level 1 in Armour
  1006 | D:2      | Gained mutation: A meltable shield of frost defends you.
                  | (SH +0) [demonic ancestry]
  1006 | D:2      | Reached XP level 3. HP: 22/27 MP: 5/5
  1712 | D:2      | Reached skill level 1 in Maces & Flails
  2083 | D:3      | Gained mutation: You have large cloven feet. [demonic
                  | ancestry]
  2083 | D:3      | Reached XP level 4. HP: 31/33 MP: 7/7
  2158 | D:3      | Noticed Sigmund
  2163 | D:3      | Learned a level 1 spell: Beastly Appendage
  2251 | D:4      | Noticed Grinder
  2415 | D:4      | Reached skill level 1 in Shields
  2415 | D:4      | Gained mutation: You are surrounded by a moderate repulsion
                  | field. (EV +3) [demonic ancestry]
  2415 | D:4      | Reached XP level 5. HP: 24/40 MP: 8/8
  2506 | D:4      | Found a glowing drain.
  2509 | D:4      | Paralysed by Grinder for 2 turns
  2521 | D:4      | Gained mutation: You have hidden genetic potential. [potion
                  | of mutation]
  2521 | D:4      | Gained mutation: Your flesh is heat resistant. (rF+)
                  | [potion of mutation]
  2563 | Sewer    | Entered a sewer
  2674 | Sewer    | Learned a level 2 spell: Wereblood
  2784 | Sewer    | Noticed Pargi
  2800 | Sewer    | Killed Pargi
  2801 | Sewer    | Reached XP level 6. HP: 44/47 MP: 6/9
  2894 | D:5      | Entered Level 5 of the Dungeon
  2964 | D:5      | Noticed Pikel
  2989 | D:5      | Killed Pikel
  2990 | D:5      | Gained mutation: A meltable icy envelope protects you from
                  | harm. (AC +0) [demonic ancestry]
  2990 | D:5      | Reached XP level 7. HP: 20/55 MP: 10/10
  3012 | D:5      | Gained mutation: You are agile. (Dex +4, Str/Int -1)
                  | [hidden potential]
  3207 | D:5      | Found a sparkling altar of Nemelex Xobeh.
  3336 | D:5      | Found an ancient bone altar of Kikubaaqudgha.
  3377 | D:5      | Became a worshipper of Kikubaaqudgha
  3785 | D:5      | Reached skill level 5 in Fighting
  4125 | D:6      | Reached XP level 8. HP: 45/62 MP: 11/11
  4309 | D:6      | Noticed Edmund
  4326 | D:6      | Killed Edmund
  4557 | D:6      | Gained mutation: You are covered in fur. (AC +1) [hidden
                  | potential]
  4557 | D:6      | Lost mutation: You have hidden genetic potential. [hidden
                  | potential expressed]
  4692 | D:6      | Reached skill level 5 in Maces & Flails
  4771 | D:6      | Found Ban Ymeh's Assorted Antiques.
  4777 | D:6      | Bought a scroll of identify for 54 gold pieces
  4777 | D:6      | Bought 2 sedimented puce potions for 48 gold pieces
  4830 | D:6      | Found a staircase to the Ecumenical Temple.
  4922 | D:6      | Reached skill level 5 in Shields
  5466 | D:4      | Found a bloodstained altar of Trog.
  5468 | D:4      | Found a basalt altar of Yredelemnul.
  5551 | D:4      | Killed Grinder
  5551 | D:4      | Reached * piety under Kikubaaqudgha
  5551 | D:4      | Received a gift from Kikubaaqudgha
  5552 | D:4      | Reached skill level 1 in Necromancy
  5559 | D:4      | Learned a level 2 spell: Cigotuvi's Dreadful Rot
  5790 | D:3      | Killed Sigmund
  5952 | D:3      | Gained mutation: You are surrounded by a strong repulsion
                  | field. (EV +4, RMsl) [demonic ancestry]
  5952 | D:3      | Reached XP level 9. HP: 71/71 MP: 13/13
  6821 | D:7      | Found a runed translucent door.
  6821 | D:7      | Noticed laros's ghost (novice MiBe)
  6938 | D:7      | Found Zeseopp's Assorted Antiques.
  6941 | D:7      | Bought a runed broad axe for 210 gold pieces
  7081 | D:8      | Reached ** piety under Kikubaaqudgha
  7190 | D:8      | Got the Papyrus of the Barrage
  7362 | D:8      | Found an ornate altar of the Wu Jian Council.
  7370 | D:8      | Found a hide-covered altar of Uskayaw.
  7886 | D:8      | Noticed a two-headed ogre
  7892 | D:8      | Killed a two-headed ogre
  7893 | D:8      | Reached XP level 10. HP: 74/79 MP: 14/16
  8674 | D:9      | Reached skill level 5 in Necromancy
  8975 | D:10     | Entered Level 10 of the Dungeon
  8996 | D:10     | Reached skill level 5 in Spellcasting
  9009 | D:10     | Reached *** piety under Kikubaaqudgha
  9009 | D:10     | Received a gift from Kikubaaqudgha
  9020 | D:10     | Reached skill level 5 in Armour
  9025 | D:10     | Learned a level 4 spell: Dispel Undead
  9301 | D:8      | Noticed a rust devil
  9301 | D:8      | Noticed a rust devil
  9352 | D:10     | Identified the +6 trident "Izec" {protect, rPois rF+ rN+
                  | Int-5}
  9408 | D:10     | Found Giocuob's Magic Scroll Shoppe.
  9419 | D:10     | Bought a scroll of teleportation for 39 gold pieces
  9419 | D:10     | Bought a scroll of fog for 52 gold pieces
  9419 | D:10     | Bought a scroll of torment for 123 gold pieces
  9977 | D:10     | Noticed ripuliukko's ghost (journeyman DEEE)
  9977 | D:10     | Noticed a lich
  9981 | D:10     | Noticed a skeletal warrior
  9982 | D:10     | Noticed a deep elf archer
  9982 | D:10     | Noticed a necromancer
 10049 | D:10     | Found a staircase to the Lair.
 10217 | D:10     | Found a runed translucent door.
 10217 | D:10     | Noticed a skeletal warrior
 10220 | D:10     | Found a runed translucent door.
 10523 | D:10     | Noticed a black mamba
 10524 | D:10     | a black mamba changed into a meliai
 10649 | D:11     | Gained mutation: You regenerate a little health from kills.
                  | [demonic ancestry]
 10649 | D:11     | Reached XP level 11. HP: 72/87 MP: 14/19
 10914 | D:11     | Found a staircase to the Orcish Mines.
 11020 | D:11     | Noticed a centaur warrior
 11300 | D:11     | Noticed a wizard
 11311 | D:11     | Killed a wizard
 11458 | D:11     | Noticed a deep troll earth mage
 11458 | D:11     | Noticed a deep elf annihilator
 11458 | D:11     | Noticed a catoblepas
 12318 | D:12     | Noticed Psyche
 12330 | D:12     | Killed Psyche
 12900 | D:13     | Noticed a brown ugly thing
 13000 | Lair:1   | Entered Level 1 of the Lair of Beasts
 13192 | Lair:1   | Reached **** piety under Kikubaaqudgha
 13833 | Lair:1   | Gained mutation: You have hoof-like feet. [demonic
                  | ancestry]
 13833 | Lair:1   | Reached XP level 12. HP: 67/97 MP: 22/22
 14955 | Lair:2   | Reached skill level 10 in Fighting
 15085 | Lair:2   | Found a staircase to the Snake Pit.
 15773 | Lair:2   | Learned a level 5 spell: Agony
 15840 | Lair:3   | Found a staircase to the Shoals.
 15857 | Lair:3   | Noticed Gastronok
 15895 | Lair:3   | Killed Gastronok
 16041 | Lair:3   | Identified a scroll of acquirement
 16042 | Lair:3   | Acquired the ring of the Dolphin {rElec rPois rN+ AC+4
                  | Int+3}
 16046 | Lair:3   | Noticed an eight-headed hydra
 16059 | Lair:3   | Killed an eight-headed hydra
 16359 | Lair:3   | Reached skill level 1 in Axes
 16760 | Lair:4   | Noticed a boulder beetle
 16797 | Lair:4   | Killed a boulder beetle
 16853 | Lair:4   | Found a staircase to the Slime Pits.
 16853 | Lair:4   | Noticed a four-headed hydra
 16893 | Lair:4   | Killed a four-headed hydra
 17047 | Lair:4   | Noticed a five-headed hydra
 17059 | Lair:4   | Killed a five-headed hydra
 17071 | Lair:4   | Gained mutation: You regenerate health from kills. [demonic
                  | ancestry]
 17071 | Lair:4   | Reached XP level 13. HP: 67/105 MP: 20/25
 17373 | Lair:4   | Reached ***** piety under Kikubaaqudgha
 17961 | Lair:4   | Found a broken altar of Ashenzari.
 18177 | Lair:4   | Found a viscous altar of Jiyva.
 18328 | Lair:5   | Entered Level 5 of the Lair of Beasts
 18390 | Lair:5   | Reached skill level 10 in Necromancy
 19718 | Lair:5   | Found a large runed translucent door.
 19719 | Lair:5   | Found a large runed translucent door.
 19723 | Lair:5   | Noticed a fire dragon
 20061 | Orc:1    | Entered Level 1 of the Orcish Mines
 20063 | Orc:1    | Noticed an ettin
 20070 | Orc:1    | Noticed an orc warlord
 20122 | Orc:1    | Learned a level 2 spell: Passwall
 20184 | Orc:1    | Reached skill level 5 in Axes
 20226 | Orc:1    | Killed an ettin
 20441 | Orc:1    | Killed an orc warlord
 20442 | Orc:1    | Reached XP level 14. HP: 37/114 MP: 27/27
 20833 | Orc:2    | Entered Level 2 of the Orcish Mines
 20837 | Orc:2    | Found Ycutebu's Antique Armour Shop.
 20969 | Orc:2    | Bought a pair of runed gloves for 247 gold pieces
 21087 | Orc:2    | Found Batulu Cael's Book Emporium.
 21099 | Orc:2    | Found a staircase to the Elven Halls.
 21610 | D:12     | Reached ****** piety under Kikubaaqudgha
 21640 | D:12     | Identified a +6 broad axe of pain (a +4 heavy broad axe
                  | bloodied by Kikubaaqudgha)
 21640 | D:12     | Received a gift from Kikubaaqudgha
 21902 | D:10     | Killed a lich
 21906 | D:10     | Killed ripuliukko's ghost
 21907 | D:10     | Reached skill level 10 in Spellcasting
 22106 | D:7      | Killed laros's ghost
 22107 | D:7      | Reached skill level 10 in Armour
 22135 | D:7      | Bought a potion of heal wounds for 150 gold pieces
 22135 | D:7      | Bought a small moonstone ring for 150 gold pieces
 22802 | D:13     | Noticed Lodul
 22813 | D:13     | Killed Lodul
 22938 | D:13     | Found a gate to the Vaults.
 23661 | D:13     | Found Biamp's One-of-a-Kind Rings.
 23665 | D:13     | Bought the ring "Pacvuaga" {rN+ rCorr} for 436 gold pieces
 23767 | D:13     | Got the Grimoire of Glowing Ceraunoscopy
 24317 | D:13     | Reached XP level 15. HP: 68/123 MP: 29/29
 24598 | D:13     | Identified the +12 quarterstaff "Furopsan" {heavy, rPois
                  | Dex+2}
 24814 | D:14     | Found a gate leading to a gauntlet.
 24838 | Gauntlet | Entered a Gauntlet
 24838 | Gauntlet | Found a transporter.
 24848 | Gauntlet | Found a transporter.
 24850 | Gauntlet | Found a transporter.
 24851 | Gauntlet | Found a transporter.
 24862 | Gauntlet | Found a transporter.
 24863 | Gauntlet | Found a transporter.
 24867 | Gauntlet | Found a transporter.
 24874 | Gauntlet | Found a transporter.
 24874 | Gauntlet | Found a transporter.
 24875 | Gauntlet | Found a transporter.
 24883 | Gauntlet | Found a transporter.
 24886 | Gauntlet | Found a transporter.
 24887 | Gauntlet | Found a transporter.
 24895 | Gauntlet | Found a transporter.
 24978 | Gauntlet | Learned a level 3 spell: Mephitic Cloud
 25324 | Gauntlet | Identified the +5 scimitar of the Globe {freeze, rF+ rC+
                  | Int+6 Dex+3}
 25747 | D:14     | Found a transporter.
 25749 | D:14     | Found a transporter.
 25750 | D:14     | Noticed Uummannaq's ghost (journeyman MiFi)
 26049 | D:14     | Noticed Louise
 26063 | D:14     | Killed Louise
 26362 | D:15     | Entered Level 15 of the Dungeon
 26366 | D:15     | Found a staircase to the Depths.
 26392 | D:15     | Noticed Azrael
 26419 | D:14     | HP: 3/124 [Azrael/damnation (11)]
 26421 | D:14     | Killed Azrael
 26734 | D:15     | Found Nimuom's Mayhem Merchandise.
 26913 | D:15     | Noticed Nessos
 26924 | D:15     | Killed Nessos
 27889 | D:15     | Upgraded the game from 0.30.1-5-ged363bc7ee to
                  | 0.30.1-6-gbe392663c4
 28163 | Orc:2    | Noticed Urug
 28279 | Orc:2    | Found Qytynk's General Store.
 28288 | Orc:2    | Bought a scroll of enchant weapon for 90 gold pieces
 28693 | Orc:2    | Found Han Codgh's Antique Weapon Shoppe.
 28700 | Orc:2    | Bought a polished scimitar for 171 gold pieces
 28700 | Orc:2    | Identified the +7 scimitar of Dividends {venom, rElec rF+}
                  | (You bought it in a shop on level 2 of the Orcish Mines)
 28824 | Orc:2    | Urug changed into Urug the swamp dragon
 28824 | Orc:2    | Noticed Urug
 28832 | Orc:2    | Killed Urug the swamp dragon
 28982 | Orc:1    | Acquired 1154 gold pieces
 29024 | D:11     | Reached skill level 10 in Axes
 29246 | D:11     | Identified the ring "Axtoecah" {Will+ rCorr Str+6 Dex-2
                  | Stlth-}
 29674 | D:11     | Reached XP level 16. HP: 116/117 MP: 31/31
 29748 | D:11     | Identified the +2 leather armour of Broken Taboos {Rampage
                  | Regen+ MP-9 Int+3}
 30057 | D:11     | Identified the +0 robe "Trusted Companion" {rCorr}
 30280 | D:14     | HP: 6/132 [Uummannaq's ghost (8)]
 30289 | D:14     | Killed Uummannaq's ghost
 30410 | D:14     | Acquired the Omnibus of Geometries
 30623 | Orc:2    | Bought warped ice dragon scales for 2145 gold pieces
 30623 | Orc:2    | Identified the +4 ice dragon scales of Catatonia {rF- rC++
                  | SInv} (You bought it in a shop on level 2 of the Orcish
                  | Mines)
 30920 | Shoals:1 | Entered Level 1 of the Shoals
 30979 | Snake:1  | Entered Level 1 of the Snake Pit
 31489 | Snake:1  | Found a radiant altar of Vehumet.
 32346 | Snake:2  | Found Biawei Saah's Assorted Antiques.
 32349 | Snake:2  | Found Xyod's General Store.
 32350 | Snake:2  | Found Yrphiur's Antique Weapon Boutique.
 33119 | Snake:2  | Reached skill level 15 in Axes
 33119 | Snake:2  | Reached XP level 17. HP: 59/138 MP: 32/32
 33888 | Snake:3  | Gained mutation: You regenerate a lot of health from kills.
                  | [demonic ancestry]
 33888 | Snake:3  | Reached XP level 18. HP: 141/145 MP: 33/33
 34013 | Snake:3  | Found a transporter.
 34016 | Snake:3  | Found Jeror's Weapon Emporium.
 34041 | Snake:3  | Found a hide-covered altar of Uskayaw.
 34095 | Snake:3  | Found a transporter.
 34445 | Snake:4  | Entered Level 4 of the Snake Pit
 35203 | Snake:4  | Learned a level 4 spell: Manifold Assault
 35330 | Snake:4  | Reached skill level 1 in Translocations
 35415 | Snake:4  | Noticed Vashnia
 35444 | Snake:4  | Killed Vashnia
 35547 | Snake:4  | Got a serpentine rune of Zot
 35869 | Snake:2  | Bought a faintly humming chain mail for 313 gold pieces
 35869 | Snake:2  | Identified the +5 chain mail of Wrong Decisions {SInv} (You
                  | bought it in a shop on level 2 of the Snake Pit)
 36052 | Elf:1    | Entered Level 1 of the Elven Halls
 36757 | Elf:1    | Paralysed by an air elemental for 1 turns
 37022 | Elf:3    | Entered Level 3 of the Elven Halls
 37061 | Elf:3    | Found Eloicw's Antique Weapon Shoppe.
 37067 | Elf:3    | Found Named's Magic Scroll Emporium.
 37089 | Elf:3    | Found a transporter.
 37090 | Elf:3    | Found a transporter.
 37254 | Elf:3    | Found a runed translucent gate.
 37254 | Elf:3    | Found a runed translucent gate.
 37273 | Elf:3    | Gained mutation: Your presence sometimes corrodes those you
                  | injure. [demonic ancestry]
 37273 | Elf:3    | Reached XP level 19. HP: 150/152 MP: 35/35
 37358 | Elf:3    | Noticed Persimmon's ghost (adept DECj)
 37370 | Elf:3    | Found a runed translucent gate.
 37381 | Elf:3    | Found a transporter.
 37383 | Elf:3    | Found a transporter.
 37476 | Elf:3    | Found a transporter.
 37477 | Elf:3    | Found a transporter.
 37909 | Elf:2    | Found a huge runed translucent gate.
 37909 | Elf:2    | Found a huge runed translucent gate.
 37910 | Elf:2    | Found a huge runed translucent gate.
 37911 | Elf:2    | Found a huge runed translucent gate.
 37912 | Elf:2    | Found a huge runed translucent gate.
 38333 | Elf:2    | Reached skill level 5 in Translocations
 38447 | Elf:2    | Reached skill level 15 in Fighting
 38627 | Elf:2    | Reached skill level 15 in Necromancy
 38736 | Elf:2    | Found Haixzeel's General Store.
 38743 | Elf:2    | Bought a scroll of enchant weapon for 90 gold pieces
 39107 | Vaults:1 | Entered Level 1 of the Vaults
 39228 | Vaults:1 | Identified the +2 halberd "Duuch" {vamp, rC+ MP+9 Str+2}
 39327 | Vaults:1 | Got the Spellbook of Combined Unholy Deeds
 39983 | Vaults:1 | Found Ypnuss's Antique Armour Emporium.
 40050 | Vaults:1 | Bought an embroidered scarf for 296 gold pieces
 40317 | Vaults:1 | Reached XP level 20. HP: 149/163 MP: 37/37
 41086 | Vaults:2 | Found a staircase to the Crypt.
 41086 | Vaults:2 | Found a basalt altar of Yredelemnul.
 41086 | Vaults:2 | Noticed Mara
 41088 | Vaults:2 | Noticed Amplified's illusion
 41099 | Vaults:2 | Killed Mara
 41267 | Vaults:2 | Found an ancient bone altar of Kikubaaqudgha.
 41901 | Vaults:3 | Got the Exposition on Congealing Thunder
 42932 | Vaults:3 | Noticed Asterion
 42941 | Vaults:3 | Killed Asterion
 43181 | Vaults:3 | Found Edanner's General Store.
 43187 | Vaults:3 | Bought 2 potions of heal wounds for 150 gold pieces
 43187 | Vaults:3 | Bought a potion of heal wounds for 75 gold pieces
 43433 | Vaults:4 | Learned a level 3 spell: Frozen Ramparts
 43645 | Vaults:4 | Reached XP level 21. HP: 172/172 MP: 37/39
 43656 | Vaults:4 | Reached skill level 1 in Ice Magic
 43703 | Vaults:4 | Identified the +5 ring mail of Toimibo {Harm}
 44420 | Vaults:4 | Acquired the +3 pair of gauntlets of War {Slay+5}
 44420 | Vaults:4 | Found the +3 pair of gauntlets of War {Slay+5}
 45194 | Elf:3    | Killed Persimmon's ghost
 45923 | Elf:3    | Identified the ring of Discretion {rPois rN+ EV+5 Str-2
                  | Dex+2}
 45948 | Elf:3    | Reached skill level 15 in Spellcasting
 45950 | Elf:3    | Identified the staff of cold "Zeoloorgh" {Fly rC+ SInv}
 46071 | Elf:3    | Identified the +4 ring mail of the Bells {Drain rC++ rN+++
                  | Str-3}
 46178 | Elf:3    | Found the +3 giant club "Skullcrusher" {speed, Str+7}
 46193 | Elf:3    | Identified the +0 cloak "Pialoitopne" {Str-5 Int+3 SInv}
 46196 | Elf:3    | Identified the +0 cloak of Baleful Freedom {Harm Slay+3}
 46332 | Elf:3    | Bought a scroll of fog for 80 gold pieces
 46332 | Elf:3    | Bought a scroll of blinking for 150 gold pieces
 46332 | Elf:3    | Bought a scroll of fog for 80 gold pieces
 46332 | Elf:3    | Bought a scroll of fog for 80 gold pieces
 46364 | Elf:2    | Bought 5 curare-tipped darts for 72 gold pieces
 46597 | Crypt:1  | Entered Level 1 of the Crypt
 46613 | Crypt:1  | Learned a level 4 spell: Animate Dead
 46946 | Crypt:1  | Noticed Aizul
 46957 | Crypt:1  | Killed Aizul
 47088 | Crypt:2  | Reached skill level 5 in Ice Magic
 47253 | Crypt:3  | Entered Level 3 of the Crypt
 47589 | Crypt:3  | Gained mutation: You have hooves in place of feet. [demonic
                  | ancestry]
 47589 | Crypt:3  | Reached XP level 22. HP: 180/181 MP: 32/41
 47930 | Crypt:3  | Identified the +4 whip "Spiderbane" {flame, rElec Dex+2}
 48150 | Crypt:3  | Identified the +8 chain mail of Absolutism {rC+}
 48315 | Crypt:3  | Learned a level 2 spell: Lesser Beckoning
 48408 | Crypt:3  | Found an ancient bone altar of Kikubaaqudgha.
 48408 | Crypt:3  | Found a basalt altar of Yredelemnul.
 48461 | Crypt:3  | Identified the +1 robe of the Prince of Darkness {rElec rC+
                  | SInv}
 48526 | Crypt:3  | Identified the +1 sling "Myqikyul" {freeze, rC++}
 48679 | Crypt:3  | Found a staircase to the Tomb.
 49145 | Crypt:2  | Identified the +0 falchion of Starshine {elec, Fragile
                  | rElec rCorr}
 49200 | Crypt:2  | Reached skill level 5 in Dodging
 49222 | Crypt:2  | Found a runed translucent door.
 49222 | Crypt:2  | Found a shimmering altar of Xom.
 49222 | Crypt:2  | Noticed Hynnuzim's ghost (veteran CeHu)
 49239 | Crypt:2  | Killed Hynnuzim's ghost
 49334 | Crypt:2  | Noticed Mennas
 49349 | Crypt:2  | Killed Mennas
 50606 | Depths:1 | Entered Level 1 of the Depths
 50644 | Depths:1 | Found a broken altar of Ashenzari.
 50658 | Depths:1 | Reached skill level 1 in Evocations
 50944 | Depths:1 | Found a one-way gate to the infinite horrors of the Abyss.
 50953 | Depths:1 | Found Fafax's Weapon Shop.
 51392 | Depths:1 | Noticed a golden dragon
 51402 | Depths:1 | Killed a golden dragon
 51406 | Depths:1 | Noticed Bai Suzhen
 51423 | Depths:1 | Killed Bai Suzhen
 51424 | Depths:1 | Reached XP level 23. HP: 154/190 MP: 20/43
 51535 | Depths:1 | Got the Teachings on the Fifth Circle
 51572 | Depths:1 | Identified the ring of Noon {MP+9 Int+2 SInv}
 51764 | Depths:1 | Found a gateway to Hell.
 52224 | Depths:2 | Found a one-way gate leading to the halls of Pandemonium.
 52447 | Depths:2 | Found a shimmering blue altar of Sif Muna.
 52564 | Depths:2 | Found a basalt altar of Yredelemnul.
 52716 | Depths:2 | Reached skill level 5 in Evocations
 52881 | Depths:2 | Found a shadowy altar of Dithmenos.
 53009 | Depths:2 | Found a shimmering blue altar of Sif Muna.
 53009 | Depths:2 | Noticed a juggernaut
 53020 | Depths:2 | Killed a juggernaut
 53364 | Depths:4 | Entered Level 4 of the Depths
 53519 | Depths:4 | Found a gate to the Realm of Zot.
 54068 | Depths:4 | Found Topp's Tiny Tomes.
 54865 | Snake:2  | Bought a scroll of fear for 60 gold pieces
 54867 | Snake:2  | Bought a potion of curing for 99 gold pieces
 54867 | Snake:2  | Bought a scroll of magic mapping for 247 gold pieces
 55137 | Elf:3    | Bought a scroll of enchant weapon for 150 gold pieces
 55144 | Elf:3    | Bought an encrusted war axe for 195 gold pieces
 55144 | Elf:3    | Identified the +7 war axe of Wu Jian's Inspiration {flame,
                  | rC+ Str+2 Dex+3 Stlth+} (You bought it in a shop on level 3
                  | of the Elven Halls)
 55768 | Shoals:2 | Found Ollyezy's Book Boutique.
 55837 | Shoals:4 | Entered Level 4 of the Shoals
 56022 | Shoals:4 | Reached XP level 24. HP: 198/200 MP: 43/43
 56037 | Shoals:4 | Identified the +1 plate armour of Refuge {Rampage rPois
                  | Stlth+}
 56052 | Shoals:4 | Got a barnacled rune of Zot
 56191 | Shoals:4 | Paralysed by an air elemental for 1 turns
 56616 | Shoals:4 | Paralysed by an air elemental for 1 turns
 56621 | Abyss:2  | Cast into level 2 of the Abyss (merfolk)
 57054 | Abyss:2  | Found a corrupted altar of Lugonu.
 57259 | Abyss:2  | Found a corrupted altar of Lugonu.
 57279 | Abyss:2  | Found a corrupted altar of Lugonu.
 57279 | Abyss:2  | Found a corrupted altar of Lugonu.
 57285 | Abyss:2  | Gained mutation: Armour fits poorly on your strangely
                  | shaped body. [a cacodemon]
 57362 | Abyss:3  | Got an abyssal rune of Zot
 57442 | Shoals:4 | Escaped the Abyss
 57443 | Shoals:4 | Paralysed by an air elemental for 1 turns
 57573 | Shoals:4 | Noticed Kirke
 57578 | Shoals:4 | Killed Kirke
 57687 | Shoals:3 | Noticed Polyphemus
 57703 | Shoals:3 | Killed Polyphemus
 58771 | Shoals:1 | Found a transporter.
 58779 | Shoals:1 | Noticed Hoiphav's ghost (adept DgCj)
 58780 | Shoals:1 | Found a bloodstained altar of Trog.
 58805 | Shoals:1 | Found a transporter.
 58830 | Shoals:1 | Killed Hoiphav's ghost
 58843 | Shoals:1 | Identified the +8 plate armour of the Guild-Master {rPois
                  | Regen+ rCorr Stlth-}
 59490 | Slime:1  | Entered Level 1 of the Pits of Slime
 59496 | Slime:1  | Lost mutation: Armour fits poorly on your strangely shaped
                  | body. [potion of mutation]
 59496 | Slime:1  | Lost mutation: You are agile. (Dex +4, Str/Int -1) [potion
                  | of mutation]
 59496 | Slime:1  | Lost mutation: You are covered in fur. (AC +1) [potion of
                  | mutation]
 59496 | Slime:1  | Gained mutation: You passively map a small area around you.
                  | [potion of mutation]
 59496 | Slime:1  | Gained mutation: Your mind is acute. (Int +4, Str/Dex -1)
                  | [potion of mutation]
 59496 | Slime:1  | Lost mutation: Your flesh is heat resistant. (rF+) [potion
                  | of mutation]
 59496 | Slime:1  | Gained mutation: You expend magic power (3 MP) to
                  | strengthen your wands. [potion of mutation]
 59586 | Slime:1  | Found a shimmering altar of Xom.
 59733 | Slime:5  | Entered Level 5 of the Pits of Slime
 59765 | Slime:5  | Noticed the Royal Jelly
 59855 | Slime:5  | Gained mutation: A meltable icy envelope protects you from
                  | harm. (AC +0) [demonic ancestry]
 59855 | Slime:5  | Reached XP level 25. HP: 206/206 MP: 43/43
 59878 | Slime:5  | Found a viscous altar of Jiyva.
 59884 | Slime:5  | Found the +7 great mace "Firestarter" {flame, immolate,
                  | rFlCloud rF++}
 60033 | Slime:5  | Killed the Royal Jelly
 60107 | Slime:5  | Got a slimy rune of Zot
 60142 | Slime:5  | Identified the +2 rapier of an ossuary {flame, rElec Int+2}
 60215 | Slime:5  | Identified the +2 falchion "Uhisit" {pain, +Blink Str+3}
 60217 | Slime:5  | Identified the +11 quarterstaff of Impermanence {pain,
                  | Str+5 Int+2}
 60231 | Slime:5  | Identified the +1 plate armour "Ziwocotz" {Dex+2}
 60244 | Slime:5  | Identified the staff of air "Reiran" {rElec rF+++ rN+ rCorr
                  | Int-5}
 60865 | Vaults:5 | Entered Level 5 of the Vaults
 60906 | Vaults:5 | Noticed an ancient lich
 60923 | Vaults:5 | Killed an ancient lich
 60954 | Vaults:5 | Identified the +8 plate armour "Gennoung" {rF- Int+5}
 60962 | Vaults:5 | Got Gurchijor's Handbook of the Voyage
 60964 | Vaults:5 | Got a silver rune of Zot
 60973 | Vaults:5 | Identified the staff of fire "Veuwugeh" {Fly rF+ MP+9 Int-5
                  | Dex+3}
 60986 | Vaults:5 | Noticed a dread lich
 60997 | Vaults:5 | Killed a dread lich
 61131 | Vaults:5 | Reached skill level 27 in Necromancy
 61253 | Vaults:5 | Noticed a dread lich
 61282 | Vaults:5 | Killed a dread lich
 61417 | Vaults:5 | Identified the +8 hand axe "Buedgh" {flame, +Blink rElec
                  | rPois rCorr}
 61424 | Vaults:5 | Noticed an ancient lich
 61428 | Vaults:5 | Killed an ancient lich
 61504 | Vaults:5 | Noticed an ancient lich
 61508 | Vaults:5 | Killed an ancient lich
 61703 | Vaults:5 | Noticed a dread lich
 61715 | Vaults:5 | Identified the ring "Diaran" {rElec rPois rC+++ rCorr
                  | Stlth-}
 61719 | Vaults:5 | Killed a dread lich
 61784 | Vaults:5 | Gained mutation: Your presence sometimes corrodes or
                  | deforms those you injure. [demonic ancestry]
 61784 | Vaults:5 | Reached XP level 26. HP: 85/222 MP: 34/43
 62180 | Vaults:5 | Got Esoetipp's Guidebook on the Stinger
 62192 | Vaults:5 | Identified the +1 leather armour of Symneino {Fly rC-
                  | Int+2}
 62758 | Zot:1    | Entered Level 1 of the Realm of Zot
 65036 | Zot:2    | Noticed a dread lich
 65054 | Zot:2    | Killed a dread lich
 66061 | Zot:3    | Found a transporter.
 66066 | Zot:3    | Acquired 668 gold pieces
 66103 | Zot:3    | Identified the ring of Faeggiss {rPois rC+ Will+ Stlth+}
 66823 | Zot:4    | Gained mutation: You can speak a Word of Chaos. [demonic
                  | ancestry]
 66823 | Zot:4    | Reached XP level 27. HP: 159/242 MP: 21/43
 67247 | Zot:4    | Noticed an orb of fire
 67264 | Zot:4    | Gained mutation: You are frail. (-10% HP) [an orb of fire]
 67265 | Zot:4    | Gained mutation: Your magical capacity is low. (-10% MP)
                  | [an orb of fire]
 67267 | Zot:4    | Killed an orb of fire
 67629 | Zot:5    | Entered Level 5 of the Realm of Zot
 68154 | Zot:5    | Lost mutation: Your mind is acute. (Int +4, Str/Dex -1)
                  | [potion of mutation]
 68154 | Zot:5    | Lost mutation: You expend magic power (3 MP) to strengthen
                  | your wands. [potion of mutation]
 68154 | Zot:5    | Lost mutation: Your magical capacity is low. (-10% MP)
                  | [potion of mutation]
 68154 | Zot:5    | Gained mutation: You are strong-willed. (Will+) [potion of
                  | mutation]
 68154 | Zot:5    | Gained mutation: You have hidden genetic defects. [potion
                  | of mutation]
 68154 | Zot:5    | Gained mutation: Your mind is acute. (Int +4, Str/Dex -1)
                  | [potion of mutation]
 68154 | Zot:5    | Lost mutation: You are frail. (-10% HP) [potion of
                  | mutation]
 68241 | Zot:3    | Found a transporter.
 68310 | Zot:3    | Reached skill level 27 in Fighting
 68355 | Zot:3    | Identified the +2 helmet of the Camelopard {-Tele Contam
                  | Int+3 Dex+5}
 68838 | Tomb:1   | Entered Level 1 of the Tomb of the Ancients
 69102 | Tomb:1   | Reached skill level 15 in Armour
 69229 | Tomb:1   | Identified the amulet "Xethoel" {Rampage *Corrode Regen+
                  | Dex-2 Stlth+}
 69229 | Tomb:1   | Noticed a royal mummy
 69232 | Tomb:1   | Noticed a royal mummy
 69262 | Tomb:1   | Killed a royal mummy
 69268 | Tomb:1   | Killed a royal mummy
 69285 | Tomb:1   | Gained mutation: You are weak. (Str -2) [hidden defects]
 69652 | Tomb:2   | Noticed a royal mummy
 69790 | Tomb:2   | Noticed a royal mummy
 69899 | Tomb:2   | Noticed a royal mummy
 69899 | Tomb:2   | Noticed a royal mummy
 69910 | Tomb:3   | Entered Level 3 of the Tomb of the Ancients
 69920 | Tomb:3   | Noticed a royal mummy
 69952 | Tomb:3   | Noticed a royal mummy
 69954 | Tomb:3   | Noticed a royal mummy
 69956 | Tomb:3   | Got a golden rune of Zot
 69960 | Tomb:3   | Noticed a royal mummy
 69960 | Tomb:3   | Noticed a royal mummy
 69963 | Tomb:3   | Noticed a royal mummy
 70433 | Pan      | Entered Pandemonium
 70684 | Pan      | Noticed Lecwef the pandemonium lord
 70701 | Pan      | Killed Lecwef the pandemonium lord
 70748 | Pan      | Gained mutation: Your spells are a little easier to cast,
                  | but a little less powerful. [hidden defects]
 70748 | Pan      | Lost mutation: You have hidden genetic defects. [hidden
                  | defects expressed]
 70906 | Pan      | Noticed Cuziza the pandemonium lord
 71008 | Pan      | Lost mutation: You passively map a small area around you.
                  | [potion of mutation]
 71008 | Pan      | Lost mutation: You are weak. (Str -2) [potion of mutation]
 71008 | Pan      | Lost mutation: You are strong-willed. (Will+) [potion of
                  | mutation]
 71008 | Pan      | Gained mutation: You are resistant to electric shocks.
                  | (rElec) [potion of mutation]
 71008 | Pan      | Gained mutation: Your magical capacity is low. (-10% MP)
                  | [potion of mutation]
 71008 | Pan      | Gained mutation: You have a pair of small horns on your
                  | head. [potion of mutation]
 71009 | Pan      | Lost mutation: Your mind is acute. (Int +4, Str/Dex -1)
                  | [potion of mutation]
 71009 | Pan      | Lost mutation: Your spells are a little easier to cast, but
                  | a little less powerful. [potion of mutation]
 71009 | Pan      | Lost mutation: You have a pair of small horns on your head.
                  | [potion of mutation]
 71009 | Pan      | Gained mutation: You sometimes lose your temper in combat.
                  | [potion of mutation]
 71009 | Pan      | Gained mutation: You occasionally lose the ability to drink
                  | potions when taking damage. [potion of mutation]
 71009 | Pan      | Gained mutation: Your flesh is cold resistant. (rC+)
                  | [potion of mutation]
 71010 | Pan      | Lost mutation: You occasionally lose the ability to drink
                  | potions when taking damage. [potion of mutation]
 71010 | Pan      | Lost mutation: You sometimes lose your temper in combat.
                  | [potion of mutation]
 71010 | Pan      | Gained mutation: You are covered in fur. (AC +1) [potion of
                  | mutation]
 71012 | Pan      | Lost mutation: You are covered in fur. (AC +1) [potion of
                  | mutation]
 71012 | Pan      | Lost mutation: Your flesh is cold resistant. (rC+) [potion
                  | of mutation]
 71012 | Pan      | Gained mutation: Your muscles are strong. (Str +4, Int/Dex
                  | -1) [potion of mutation]
 71012 | Pan      | Gained mutation: Your mind is acute. (Int +4, Str/Dex -1)
                  | [potion of mutation]
 71012 | Pan      | Gained mutation: You occasionally lose the ability to drink
                  | potions when taking damage. [potion of mutation]
 71013 | Pan      | Lost mutation: You are resistant to electric shocks.
                  | (rElec) [potion of mutation]
 71013 | Pan      | Lost mutation: Your muscles are strong. (Str +4, Int/Dex
                  | -1) [potion of mutation]
 71013 | Pan      | Gained mutation: Your spells are a little harder to cast,
                  | but a little more powerful. [potion of mutation]
 71013 | Pan      | Gained mutation: You passively map a small area around you.
                  | [potion of mutation]
 71013 | Pan      | Gained mutation: You have a somewhat thin skeletal
                  | structure. (Dex +2, Stealth+) [potion of mutation]
 71014 | Pan      | Lost mutation: Your mind is acute. (Int +4, Str/Dex -1)
                  | [potion of mutation]
 71014 | Pan      | Lost mutation: Your magical capacity is low. (-10% MP)
                  | [potion of mutation]
 71014 | Pan      | Lost mutation: You passively map a small area around you.
                  | [potion of mutation]
 71014 | Pan      | Gained mutation: Your body sometimes deteriorates upon
                  | taking damage. [potion of mutation]
 71015 | Pan      | Lost mutation: You occasionally lose the ability to drink
                  | potions when taking damage. [potion of mutation]
 71015 | Pan      | Lost mutation: Your spells are a little harder to cast, but
                  | a little more powerful. [potion of mutation]
 71015 | Pan      | Lost mutation: Your body sometimes deteriorates upon taking
                  | damage. [potion of mutation]
 71015 | Pan      | Gained mutation: You occasionally shout uncontrollably at
                  | your foes. [potion of mutation]
 71015 | Pan      | Gained mutation: Your muscles are strong. (Str +4, Int/Dex
                  | -1) [potion of mutation]
 71016 | Pan      | Lost mutation: Your muscles are strong. (Str +4, Int/Dex
                  | -1) [potion of mutation]
 71016 | Pan      | Lost mutation: You occasionally shout uncontrollably at
                  | your foes. [potion of mutation]
 71016 | Pan      | Gained mutation: You sometimes lose your temper in combat.
                  | [potion of mutation]
 71016 | Pan      | Gained mutation: Your body sometimes deteriorates upon
                  | taking damage. [potion of mutation]
 71017 | Pan      | Lost mutation: You sometimes lose your temper in combat.
                  | [potion of mutation]
 71017 | Pan      | Lost mutation: You have a somewhat thin skeletal structure.
                  | (Dex +2, Stealth+) [potion of mutation]
 71017 | Pan      | Gained mutation: You have a pair of small horns on your
                  | head. [potion of mutation]
 71018 | Pan      | Lost mutation: You have a pair of small horns on your head.
                  | [potion of mutation]
 71018 | Pan      | Lost mutation: Your body sometimes deteriorates upon taking
                  | damage. [potion of mutation]
 71018 | Pan      | Gained mutation: You expend magic power (3 MP) to
                  | strengthen your wands. [potion of mutation]
 71018 | Pan      | Gained mutation: You occasionally shout uncontrollably at
                  | your foes. [potion of mutation]
 71018 | Pan      | Gained mutation: You passively map a small area around you.
                  | [potion of mutation]
 71025 | Pan      | Noticed Mearex the pandemonium lord
 71048 | Pan      | Killed Mearex the pandemonium lord
 71174 | Pan      | Gained mutation: You are agile. (Dex +4, Str/Int -1) [a
                  | cacodemon]
 71297 | Pan      | Learned a level 3 spell: Gell's Gravitas
 71419 | Pan      | Gained mutation: You have hidden genetic defects. [a
                  | neqoxec]
 71627 | Pan      | Lost mutation: You expend magic power (3 MP) to strengthen
                  | your wands. [potion of mutation]
 71627 | Pan      | Lost mutation: You occasionally shout uncontrollably at
                  | your foes. [potion of mutation]
 71627 | Pan      | Gained mutation: You have a pair of small horns on your
                  | head. [potion of mutation]
 71627 | Pan      | Lost mutation: You are agile. (Dex +4, Str/Int -1) [potion
                  | of mutation]
 71627 | Pan      | Gained mutation: You are clumsy. (Dex -2) [potion of
                  | mutation]
 71627 | Pan      | Gained mutation: You are covered in fur. (AC +1) [potion of
                  | mutation]
 71936 | Pan      | Found an exit through the horrors of the Abyss.
 71954 | Pan      | Took an exit into the Abyss.
 71954 | Abyss:4  | Escaped into the Abyss
 71962 | Depths:2 | Escaped the Abyss
 72211 | D:7      | Bought a potion of mutation for 240 gold pieces
 72211 | D:7      | Lost mutation: You passively map a small area around you.
                  | [potion of mutation]
 72211 | D:7      | Lost mutation: You are clumsy. (Dex -2) [potion of
                  | mutation]
 72211 | D:7      | Gained mutation: Your magical capacity is low. (-10% MP)
                  | [potion of mutation]
 72454 | Elf:2    | Bought a potion of mutation for 96 gold pieces
 72454 | Elf:2    | Lost mutation: Your magical capacity is low. (-10% MP)
                  | [potion of mutation]
 72454 | Elf:2    | Lost mutation: You are covered in fur. (AC +1) [potion of
                  | mutation]
 72454 | Elf:2    | Gained mutation: Your magical capacity is low. (-10% MP)
                  | [potion of mutation]
 72454 | Elf:2    | Lost mutation: You have hidden genetic defects. [potion of
                  | mutation]
 72876 | Depths:3 | Found a shadowy altar of Dithmenos.
 72922 | Depths:3 | Found a shimmering blue altar of Sif Muna.
 72922 | Depths:3 | Found a one-way gateway to a ziggurat.
 73247 | Depths:3 | Found an iron altar of Okawaru.
 73358 | Depths:3 | Found a hazy altar of Hepliaklqana.
 73763 | Depths:3 | Noticed Vv
 73779 | Depths:3 | Killed Vv
 73899 | Zig:1    | Entered Level 1 of a ziggurat
 73899 | Zig:1    | Noticed Goehotif the pandemonium lord
 73914 | Zig:1    | Killed Goehotif the pandemonium lord
 73917 | Zig:1    | Identified the amulet "Peklezy" {Acrobat rPois rCorr Dex+5}
 73930 | Zig:2    | Entered Level 2 of a ziggurat
 73950 | Zig:3    | Entered Level 3 of a ziggurat
 73953 | Zig:3    | Noticed Zidduss the pandemonium lord
 73961 | Zig:3    | Killed Zidduss the pandemonium lord
 73984 | Zig:4    | Entered Level 4 of a ziggurat
 74027 | Zig:5    | Entered Level 5 of a ziggurat
 74075 | Zig:6    | Entered Level 6 of a ziggurat
 74080 | Zig:6    | Noticed Yneptim the pandemonium lord
 74084 | Zig:7    | Entered Level 7 of a ziggurat
 74091 | Zig:7    | Noticed a dread lich
 74109 | Zig:7    | Killed a dread lich
 74215 | Zig:8    | Entered Level 8 of a ziggurat
 74288 | Zig:9    | Entered Level 9 of a ziggurat
 74296 | Zig:9    | Noticed Baun Wiwigu the pandemonium lord
 74315 | Zig:9    | Killed Baun Wiwigu the pandemonium lord
 74344 | Zig:9    | Identified the +6 war axe of the Asp {freeze, *Rage rC++
                  | rN+ Int+3}
 75409 | Pan      | Entered Pandemonium
 75427 | Pan      | Found an exit through the horrors of the Abyss.
 75644 | Pan      | Noticed Daawiq the pandemonium lord
 76243 | Pan      | Gained mutation: You are clumsy. (Dex -2) [a neqoxec]
 76655 | Pan      | Found an exit through the horrors of the Abyss.
 76665 | Pan      | Found a runed translucent door.
 76731 | Pan      | Noticed Vupirumm the pandemonium lord
 76757 | Pan      | Killed Vupirumm the pandemonium lord
 76763 | Pan      | Got a demonic rune of Zot
 77158 | Pan      | Entered the realm of Lom Lobon.
 77529 | Pan      | Acquired the +1 plate armour of the Harp {rF+ rN+ Str+5}
 77778 | Pan      | Noticed Lom Lobon
 77888 | Pan      | Killed Lom Lobon
 78119 | Pan      | Got a magical rune of Zot
 78211 | Pan      | Entered the realm of Gloorx Vloq.
 78213 | Pan      | Identified the +3 robe "Rizioh" {Int+4}
 78494 | Pan      | Found an exit through the horrors of the Abyss.
 78842 | Pan      | Noticed Gloorx Vloq
 78862 | Pan      | Killed Gloorx Vloq
 78901 | Pan      | Got a dark rune of Zot
 79243 | Pan      | Entered the realm of Mnoleg.
 79287 | Pan      | Gained mutation: Your body sometimes deteriorates upon
                  | taking damage. [a neqoxec]
 79304 | Pan      | Gained mutation: Armour fits poorly on your strangely
                  | shaped body. [a neqoxec]
 79395 | Pan      | Noticed Mnoleg
 79420 | Pan      | Killed Mnoleg
 79429 | Pan      | Gained mutation: You occasionally shout uncontrollably at
                  | your foes. [a cacodemon]
 79467 | Pan      | Got a glowing rune of Zot
 79605 | Pan      | Gained mutation: You are weak. (Str -2) [a cacodemon]
 79756 | Pan      | Paralysed by a floating eye for 4 turns
 79809 | Pan      | Gained mutation: You are very clumsy. (Dex -4) [a neqoxec]
 79816 | Pan      | Gained mutation: You are very weak. (Str -4) [a cacodemon]
 79863 | Pan      | Lost mutation: You occasionally shout uncontrollably at
                  | your foes. [potion of mutation]
 79863 | Pan      | Lost mutation: Your body sometimes deteriorates upon taking
                  | damage. [potion of mutation]
 79863 | Pan      | Lost mutation: You are very clumsy. (Dex -4) [potion of
                  | mutation]
 79864 | Pan      | Lost mutation: You are clumsy. (Dex -2) [potion of
                  | mutation]
 79864 | Pan      | Lost mutation: You are very weak. (Str -4) [potion of
                  | mutation]
 79864 | Pan      | Lost mutation: You have a pair of small horns on your head.
                  | [potion of mutation]
 79864 | Pan      | Lost mutation: You are weak. (Str -2) [potion of mutation]
 80006 | Pan      | Noticed Meyzeh the pandemonium lord
 80010 | Pan      | Entered the realm of Cerebov.
 80510 | Pan      | Found the +6 sword of Cerebov {flame}
 80510 | Pan      | Noticed Cerebov
 80575 | Pan      | Identified the staff of poison "Tosewyw" {Drain rPois rF-
                  | rCorr Int+5}
 80663 | Pan      | Identified the ring "Senualeh" {rElec rF+++ Will- Str-2
                  | Int+6}
 80682 | Pan      | Identified the +4 dagger of Finloun {chaos, rC+}
 80772 | Pan      | Identified the +6 scimitar "Loniecuq" {speed, Dex+5}
 81515 | Depths:4 | Escaped Pandemonium
 81604 | Depths:3 | Lost mutation: Your magical capacity is low. (-10% MP)
                  | [potion of mutation]
 81604 | Depths:3 | Lost mutation: Armour fits poorly on your strangely shaped
                  | body. [potion of mutation]
 81604 | Depths:3 | Gained mutation: Your body sometimes deteriorates upon
                  | taking damage. [potion of mutation]
 81604 | Depths:3 | Gained mutation: Armour fits poorly on your strangely
                  | shaped body. [potion of mutation]
 81604 | Depths:3 | Gained mutation: You are partially covered in large bone
                  | plates. (SH +4) [potion of mutation]
 81604 | Depths:3 | Gained mutation: Your muscles are strong. (Str +4, Int/Dex
                  | -1) [potion of mutation]
 82177 | Zot:5    | Noticed an ancient lich
 82182 | Zot:5    | Killed an ancient lich
 82188 | Zot:5    | Noticed an orb of fire
 82189 | Zot:5    | Noticed an orb of fire
 82196 | Zot:5    | Noticed an orb of fire
 82203 | Zot:5    | Gained mutation: You are clumsy. (Dex -2) [an orb of fire]
 82206 | Zot:4    | Annihilated by an Orb Guardian

Illustrated notes

Levels and vault maps discovered:
D:1:      giann_forest_graveyard, layout_loops_ring, kennysheep_pointless_box
D:2:      layout_basic, minmay_fractal_squares_gapless_5
D:3:      layout_basic, serial_forest, infiniplex_forest_clump_small,
          infiniplex_forest_diagonal, infiniplex_forest_lined_corner,
          infiniplex_forest_clump_curved, infiniplex_forest_3_way,
          infiniplex_forest_clump_medium, infiniplex_forest_corner_2,
          infiniplex_forest_clump_tiny, infiniplex_forest_corner_2,
          infiniplex_forest_clump_C, uniq_sigmund
D:4:      layout_rooms, nicolae_overflow_hidden_temple,
          cheibrodos_sewer_entry_drain, uniq_grinder
D:5:      layout_loops_cross, kennysheep_little_box,
          mainiacjoe_overflow_boulevard, uniq_pikel
D:6:      layout_loops_corners, minmay_temple_entry_statues_pillars,
          serial_shops, shop, uniq_edmund
D:7:      layout_basic, hellmonk_ghost_happy_afterlife, serial_shops,
          nicolae_shop_real_fake_doors
D:8:      cheibrodos_iron_armory, layout_basic,
          mainiacjoe_overflow_catwalk_spiral
D:9:      layout_basic
D:10:     layout_loops_ring, david_lair_generic, muffindrake_ghost_dual_entry,
          serial_shops, shop
D:11:     minmay_tearing_corner, layout_long_grid, orc_0_dummy
D:12:     layout_stronghold, uniq_psyche
D:13:     cheibrodos_wizards_tower, layout_basic,
          lightli_vaults_fourway_checkpoint, nicolae_shop_unique_rings,
          st_stairs_14, onia_ninara_cookie, uniq_lodul
D:14:     layout_long_grid, serial_glass, glass_columns_c, glass_columns_a,
          gauntlet_entry_generic, minmay_misc_feat_four_crosses,
          gammafunk_ghost_hive, fountainhead, uniq_louise
D:15:     gammafunk_depths_entry_grave, layout_grid_maze,
          nicolae_figureground_pulse, dreamdust_wishing_well,
          hangedman_abyss_or_decor_jellyfish_corner, minmay_shop_mayhem,
          nicolae_kite_square_tiling_tiny, uniq_azrael, uniq_nessos
Lair:1:   layout_chaotic_city, minivault_11, infiniplex_staircase_pool_2
Lair:2:   layout_cave_pods, nicolae_snake_entry_warm_welcome,
          minmay_stone_trees_small, lemuel_fruit_tree, grunt_megastairs_4,
          serial_bayou_shore_a
Lair:3:   layout_roguey, minmay_shoals_entry_beasts, grunt_megastairs_2,
          uniq_gastronok
Lair:4:   layout_hall_layers, nicolae_slime_entry_field_trip, basic_altar,
          serial_bayou_shore_b, grunt_megastairs_3
Lair:5:   cheibrodos_lair_end_hotspot, layout_gridlike
Shoals:1: layout_shoals, gammafunk_ghost_wrathful_warriors
Shoals:2: layout_shoals, serial_shops, shop_statue
Shoals:3: layout_shoals, uniq_polyphemus
Shoals:4: shoals_end_hellmonk_storm_palace [storm_palace_center_ruins,
          storm_palace_corner_pillars, storm_palace_corner_pillars,
          storm_palace_corner_blocked, storm_palace_corner_pillars], uniq_kirke
Snake:1:  nicolae_snake_unarmed_stairs_patrol, layout_gridlike, basic_altar,
          nicolae_snake_guarding_the_ruins
Snake:2:  layout_chambers, nicolae_snake_flat_spine, minmay_shop_star
Snake:3:  layout_onion, basic_altar, serial_shops, nicolae_shop_drivethru,
          nrook_guardian_serpent_double
Snake:4:  grunt_snake_rune_serpentine_throne, layout_cave_town
Slime:1:  layout_caves, basic_altar, cheibrodos_slime_lost_civilization_5
Slime:2:  layout_caves, cheibrodos_slime_lost_civilization_4
Slime:3:  layout_caves, nicolae_slime_rock_hall_of_fame
Slime:4:  layout_caves, nicolae_slime_crime_time
Slime:5
Orc:1:    nicolae_orc_accident_1, layout_caves, basic_altar,
          nicolae_orc_crystal_geode
Orc:2:    grunt_orc_gardens, layout_caves, grunt_orc_garden, grunt_orc_garden,
          grunt_orc_garden, grunt_orc_garden, nicolae_orc_tapped_out, uniq_urug
Elf:1:    eino_elf_arrival_customs, layout_geoelf_octagon,
          minmay_elf_crystal_hexagon, minivault_27
Elf:2:    elven_hall_of_blades_hangedman_alternative
          [nicolae_blade_entry_area_security], layout_rooms, serial_shops,
          nicolae_diamond_shop, st_stairs_2, guppyfry_library_mini,
          lemuel_elevator
Elf:3:    elf_hall, layout_gridlike, gammafunk_ghost_split,
          serial_nicolae_subway, nicolae_sub_station_stone,
          nicolae_sub_station_metal, nicolae_sub_station_crystal,
          minmay_shoptagon
Vaults:1: nicolae_vaults_hallways_thing, nicolae_vaults_tangram_2,
          nicolae_vaults_what_the_h, nicolae_vaults_door_testing_chamber,
          grunt_vaults_focal, nicolae_vaults_swerve, hangedman_vaults_nails,
          vaults_standard_mumra_enter_the_diamond, vaults_room_corners,
          layout_vaults_chaotic_city, serial_shops, nicolae_shop_behind_doors
Vaults:2: v_misc_30, minmay_crypt_entry_necro_gods, ontoclasm_vaults_pinch,
          vaults_dpeg_ring, nicolae_vaults_holding_cells, v_misc_30,
          v_alt_pattern_4, v_misc_28, grunt_vaults_hallway_short,
          grunt_vaults_hallway_short, layout_vaults_omnibox, uniq_mara
Vaults:3: nicolae_vaults_two_Ls, v_alt_pattern_2, nicolae_vaults_turnstiles,
          v_misc_18, nicolae_vaults_house_3, grunt_vaults_twisty,
          nicolae_vaults_variable_pillar_hall, nicolae_vaults_two_Ls,
          nicolae_vaults_alarming, layout_vaults_quadrants, serial_shops, shop,
          uniq_asterion
Vaults:4: nicolae_vaults_crenellated_ambush, ontoclasm_vaults_bender,
          grunt_vaults_hallway_long, hangedman_vaults_stagger, v_misc_27,
          nicolae_vaults_network_star, v_misc_27, layout_vaults_ring
Vaults:5
Crypt:1:  layout_catacombs, serial_sigils_hangedman_etch, uniq_aizul
Crypt:2:  hangedman_screamer, layout_misc_corridors, ebering_ghost_xom,
          lemuel_upstairs_altar, uniq_mennas
Crypt:3:  lightli_unholy_cathedral, layout_chaotic_city,
          nicolae_tomb_entry_grand_gallery
Tomb:1
Tomb:2
Tomb:3
Depths:1: layout_honeycomb, nicolae_ashenzari_skybound, serial_shops,
          nicolae_shop_stone, abyss_entry, hangedman_geh_valley,
          kennysheep_small_spiral, serial_sigils_hangedman_quiver,
          grunt_ministairs_8, minmay_swirly_circle, uniq_bai_suzhen
Depths:2: hangedman_box_tower, layout_cross, hell_entry, rand_demon_pan_entry_8,
          serial_sigils_hangedman_stare
Depths:3: grunt_profane_halls [grunt_profane_temple_dis,
          grunt_profane_temple_coc, grunt_profane_temple_geh,
          grunt_profane_temple_tar, grunt_profane_loot], abyss_entry,
          hell_entry, uniq_vv
Depths:4: grunt_zot_entry_alcove, layout_gridlike, grunt_pan_entry_in_and_out,
          hangedman_coc_ice_floe, chequers_serial_rivers_micro_d,
          minmay_misc_feat_five, hangedman_abyss_or_decor_stagger,
          nicolae_shop_i_like_small_books_too
Zot:1:    layout_cathedral_of_symmetry, zot_minivault_5
Zot:2:    grunt_deathspiral_small, layout_cathedral_of_symmetry
Zot:3:    gammafunk_the_bubble [the_bubble_gammafunk_split], layout_basic,
          hangedman_elemental_grid_stream
Zot:4:    lemuel_firehouse, layout_concentric_octagons, st_single_dragon_hoard_1
Zot:5:    layout_gridlike

Skill      XL: |  1  2  3  4  5  6  7  8  9 10 11 12 13 14 15 16 17 18 19 20 21 22 23 24 25 26 27 |
---------------+----------------------------------------------------------------------------------+-----
Armour         | 1 2 4 5 6 8 9 10 12 13 14 22 | 22.5
Fighting       | 2 3 4 5 6 7 8 9 10 11 13 14 15 16 17 18 21 25 27 | 27.0
Maces & Flails | 1 2 3 4 5 6 7 8 9 |  9.3
Spellcasting   | 2 4 5 7 8 9 10 11 12 13 14 15 16 23 | 23.2
Shields        | 1 2 3 4 5 |  5.1
Necromancy     | 2 4 6 8 9 11 12 13 14 15 16 17 18 21 25 27 | 27.0
Axes           | 2 5 7 10 15 17 | 17.3
Translocations | 3 6 8 |  8.7
Ice Magic      | 5 7 |  7.1
Dodging        | 3 6 7 |  7.8
Evocations     | 3 5 |  5.7
Ranged Weapons | |  1.7
Hexes          | |  3.0

Action                     |  1- 3 |  4- 6 |  7- 9 | 10-12 | 13-15 | 16-18 | 19-21 | 22-24 | 25-27 || total
---------------------------+-------+-------+-------+-------+-------+-------+-------+-------+-------++-------
  Melee: Flail             |    90 |   105 |   356 |   957 |   916 |       |       |       |       ||  2424
         Punch             |     1 |       |       |       |       |       |       |       |       ||     1
         Kick              |       |    36 |    60 |       |       |       |       |   713 |  1353 ||  2162
         Headbutt          |       |     2 |       |       |       |       |       |       |   342 ||   344
         Broad axe         |       |       |       |       |   747 |   964 |  1570 |  1577 |  2805 ||  7663
   Fire: Sling             |    44 |    13 |       |       |       |       |       |       |       ||    57
  Throw: Throwing net      |       |       |       |       |       |       |       |       |     4 ||     4
   Cast: Slow              |     5 |     2 |     1 |     8 |     1 |       |       |       |       ||    17
         Beastly Appendage |       |     1 |       |       |       |       |       |       |       ||     1
         Dispel Undead     |       |       |       |    13 |    35 |     6 |    22 |    32 |    35 ||   143
         Cigotuvi's Dreadf |       |       |       |     1 |       |       |       |       |     1 ||     2
         Agony             |       |       |       |    10 |     7 |       |       |       |     1 ||    18
         Wereblood         |       |       |       |     1 |     5 |       |       |       |     1 ||     7
         Mephitic Cloud    |       |       |       |       |     4 |     2 |       |       |       ||     6
         Manifold Assault  |       |       |       |       |       |     1 |     7 |    26 |    72 ||   106
         Frozen Ramparts   |       |       |       |       |       |       |     1 |     7 |    33 ||    41
         Lesser Beckoning  |       |       |       |       |       |       |       |     4 |    81 ||    85
         Passwall          |       |       |       |       |       |       |       |     1 |       ||     1
 Invoke: Unearth Wretches  |       |       |       |     1 |       |       |       |       |       ||     1
         Torment           |       |       |       |       |     1 |       |       |       |       ||     1
         Brand Weapon With |       |       |       |       |     1 |       |       |       |       ||     1
  Evoke: Wand              |       |       |     9 |    10 |    22 |     7 |     1 |       |     1 ||    50
         Phantom mirror    |       |       |       |       |     3 |       |       |       |       ||     3
    Use: Scroll            |     3 |    11 |     7 |     9 |    20 |     7 |    12 |    10 |    48 ||   127
         Potion            |     3 |     7 |     1 |    10 |    20 |     1 |     4 |     7 |    53 ||   106
   Stab: Sleeping          |     2 |     1 |     3 |       |     6 |       |       |       |       ||    12
         Fleeing           |       |     1 |       |       |       |       |       |       |       ||     1
         Invisible         |       |       |       |     3 |     1 |     2 |       |       |    11 ||    17
         Paralysed         |       |       |       |     1 |       |       |       |     1 |       ||     2
         Distracted        |       |       |       |       |     2 |       |       |       |    16 ||    18
         Confused          |       |       |       |       |     3 |     2 |       |       |       ||     5
         Held in net/web   |       |       |       |       |       |       |       |     2 |     3 ||     5
         Petrifying        |       |       |       |       |       |       |       |     1 |       ||     1
 Armour: Robe              |    29 |     8 |    13 |       |       |       |       |       |       ||    50
         Skin              |       |     4 |       |     3 |    14 |       |       |       |       ||    21
         Steam dragon scal |       |       |    36 |   239 |   497 |    32 |       |       |       ||   804
         Ice dragon scales |       |       |       |       |       |   274 |   525 |   468 |    17 ||  1284
         Plate armour      |       |       |       |       |       |       |       |       |   697 ||   697
         Gold dragon scale |       |       |       |       |       |       |       |       |   495 ||   495
  Dodge: Dodged            |    99 |    42 |   158 |   500 |   805 |   333 |   473 |   645 |  1224 ||  4279
         Repelled          |       |       |     5 |     5 |    15 |    42 |    20 |    16 |    56 ||   159
  Block: Other             |    15 |       |       |       |       |       |       |       |       ||    15
         Buckler           |     2 |    36 |   207 |   671 |  1395 |   723 |   869 |  1066 |  1903 ||  6872
         Reflection        |       |       |       |     3 |    54 |    84 |    67 |    33 |    48 ||   289
